Cogmind - Beta 15 @@@ ROGUE MODE // 2025.06.11 @ 20:17:05 Player: VT-MNC Result: Destroyed by Autobeam Turret with Autobeam Performance ------------- Evolutions (0) 0 Regions Visited (2) 400 Robots Destroyed (36) 180 Value Destroyed (876) 876 Prototype IDs (13) 260 Alien Tech Used (0) 0 Bonus (-75) -75 TOTAL SCORE: 1641 Bonus ------- Friendly Fire -75 Cogmind --------- Core Integrity 0/250 Matter 95/300 Energy 246/250 System Corruption 1% Temperature Cool (6) Movement Treading (320) Ox2 Location -10/Subcaves Parts ------- > --- POWER (1) -------- Ion Engine > --- PROPULSION (2) --- Light Treads Light Treads > --- UTILITY (2) ------ Huge Storage Unit Medium Armor Plating > --- WEAPON (2) ------- Slug Cannon Grenade Launcher > --- INVENTORY (25) --- Ion Engine Light Treads Light Treads Light Treads Light Treads Light Treads Spiked Treads Compact Wheel High-capacity Storage Unit Seismic Detector Medium Armor Plating Gun Armor Riot Gun Spread Laser Subdweller Laser Light EM Pulse Cannon Subdweller Beam Cannon Subdweller Beam Cannon Barrage Gun Barrage Gun Makeshift Shrapnel Gun Datajack Mining Laser Hammer Peak State ------------ > --- POWER ------------ Ion Engine > --- PROPULSION ------- Light Treads Light Treads > --- UTILITY ---------- Huge Storage Unit Makeshift Thermal Plating > --- WEAPON ----------- Spread Laser Makeshift Shrapnel Gun > --- INVENTORY -------- Ion Engine Light Treads Light Treads Light Treads Light Treads Light Treads Spiked Treads Compact Wheel High-capacity Storage Unit Seismic Detector Medium Armor Plating Medium Armor Plating Gun Armor Riot Gun Spread Laser Subdweller Laser Light EM Pulse Cannon Subdweller Beam Cannon Subdweller Machine Gun Barrage Gun Barrage Gun Grenade Launcher Datajack Mining Laser Hammer [Rating: 18] Favorites ----------- Power Ion Engine Engine Ion Engine Propulsion Light Treads Treads Light Treads Leg Aluminum Leg Wheel Compact Wheel Utility Huge Storage Unit Device Seismic Detector Storage Huge Storage Unit Protection Medium Armor Plating Weapon Spread Laser Energy Gun Spread Laser Energy Cannon Light EM Pulse Cannon Ballistic Gun Light Assault Rifle Ballistic Cannon Slug Cannon Launcher Grenade Launcher Special Weapon Mining Laser Impact Weapon Hammer Build | -11 -10 -10 ------- Run | Yrd Mat Sub Slots Evolved . | . . . Power . | . . . Propulsion . | . . . Utility . | . . . Weapon . | . . . Parts Attached 31 | 1 14 16 Power 1 | . 1 . Engine 1 | . 1 . Core . | . . . Reactor . | . . . Propulsion 7 | . 4 3 Treads 6 | . 3 3 Leg . | . . . Wheel 1 | . 1 . Hover . | . . . Flight . | . . . Utility 9 | 1 4 4 Device 2 | 1 1 . Storage 2 | . 2 . Processor . | . . . Hackware . | . . . Protection 5 | . 1 4 Artifact . | . . . Weapon 14 | . 5 9 Energy Gun 3 | . 1 2 Energy Cannon 4 | . 1 3 Ballistic Gun 3 | . 1 2 Ballistic Cannon 1 | . . 1 Launcher 1 | . 1 . Special Weapon 1 | . 1 . Impact Weapon 1 | . . 1 Slashing Weapon . | . . . Piercing Weapon . | . . . Special Melee Weapon . | . . . Unidentified Prototypes . | . . . Parts Lost 2 | . . 2 Power . | . . . Propulsion . | . . . Utility 1 | . . 1 Weapon 1 | . . 1 Highest Loss Streak 1 | . . 1 To Critical Strikes . | . . . Average Backups 22 | 7 18 24 Power . | 1 . 1 Propulsion 6 | 4 5 7 Utility 4 | . 4 5 Weapon 9 | 1 6 10 Tool/Special . | . . . Unused Backups 30 | . 10 20 Power 4 | . 1 3 Propulsion 8 | . 5 3 Utility 5 | . 1 4 Weapon 12 | . 3 9 Tool/Special 1 | . . 1 Average Slot Usage (%) 99 | . 100 99 Engine 14 | . 14 14 Treads 25 | . 19 27 Wheel 2 | . 7 . Device 10 | . 12 9 Storage 14 | . 14 14 Protection 3 | . 1 4 Energy Gun 12 | . 7 15 Energy Cannon 2 | . 1 3 Ballistic Gun 9 | . 15 6 Special Weapon 2 | . 3 1 Peak Build Rating 18 | 8 12 18 Average Rating 12 | 6 9 13 On Entrance 8 | 6 8 11 Naked Turns . | . . . Heaviest Build 103 | 14 96 103 Greatest Support 40 | 20 40 40 Greatest Overweight (x) 5 | . 5 5 Average Overweight (x) 2 | . 3 2 Largest Inventory Capacity 25 | 8 25 25 Average Capacity 23 | 8 21 25 Most Carried 25 | 8 25 25 Average Carried 22 | 7 18 24 Final Capacity 25 | 8 25 25 Final Carried 25 | 8 25 24 Class Distribution -------------------- 100% | Mutant Dominant Class ---------------- Mutant | -10/Materials Mutant | -10/Subcaves Resources | -11 -10 -10 ----------- Run | Yrd Mat Sub Matter Collected 1232 | 207 265 760 Remotely . | . . . Salvage Created 947 | 111 309 527 Parts 78 | 8 29 41 Haulers Intercepted 2 | . 2 . Recyclers Shooed 2 | . 2 . Parts Field Recycled . | . . . Retrieved Matter . | . . . Parts Self-Destructed 6 | . . 6 Prevented . | . . . Kills | -11 -10 -10 ------- Run | Yrd Mat Sub Combat Hostiles Destroyed 25 | . 6 19 Guns 17 | . 6 11 Cannons 2 | . . 2 AOE 6 | . . 6 Classes Destroyed 11 | 2 7 2 Worker 1 | . 1 . Builder 1 | . 1 . Tunneler 2 | 2 . . Hauler 2 | . 2 . Recycler 1 | 1 . . Operator 1 | . 1 . Watcher 3 | . 3 . Swarmer 7 | . 3 4 Grunt 3 | . 3 . Artisan 2 | . . 2 Subdweller 15 | . . 15 Best Kill Streak 4 | 2 3 4 Combat Bots Only 4 | . 3 4 Max Kills in Single Turn 3 | 1 1 3 Gunslinging . | . . . Exploded 3 | . . 3 Melee . | . . . Uniques/NPCs Destroyed . | . . . Combat | -11 -10 -10 -------- Run | Yrd Mat Sub Hostile Shots Fired 117 | . 30 87 Missed 36 | . 10 26 Hits 81 | . 20 61 Projectile 81 | . 20 61 Critical Strikes 2 | . . 2 Damage Taken 1290 | . 193 1097 Core 255 | . 75 180 Absorbed by Shields . | . . . Core Remaining (%) 100 | 100 . . Volleys Fired 175 | 7 101 67 Largest 2 | 2 2 2 Hottest 125 | 70 100 125 Shots Fired 265 | 14 154 97 Gun 178 | 14 111 53 Cannon 21 | . 6 15 Launcher 12 | . 2 10 Special 54 | . 35 19 Kinetic 110 | 7 81 22 Thermal 127 | 7 65 55 Explosive 12 | . 2 10 Electromagnetic 16 | . 6 10 Robot Hit Streak 25 | 8 9 25 Robot Miss Streak 11 | 1 11 2 Penetration Max . | . . . Secondary Targets 2 | . . 2 Max Gunslinging Chain 1 | . . 1 Shots Hit Robots 148 | 10 72 66 Core Hits 108 | 6 40 62 Critical Kills . | . . . Critical Parts Destroyed . | . . . Critical Strikes 2 | 1 . 1 Burn 1 | 1 . . Corrupt 1 | . . 1 Melee Attacks 1 | . . 1 Impact 1 | . . 1 Slashing . | . . . Piercing . | . . . Sneak Attacks . | . . . Combat Hostiles . | . . . Follow-up Attacks . | . . . Damage Inflicted 2410 | 106 725 1579 Guns 1679 | 106 630 943 Cannons 241 | . 58 183 Explosions 466 | . 37 429 Melee . | . . . Ramming . | . . . Kinetic 800 | 44 377 379 Thermal 944 | 62 273 609 Explosive 446 | . 17 429 Electromagnetic 220 | . 58 162 Impact . | . . . Slashing . | . . . Piercing . | . . . Highest Corruption 1 | . 1 1 Average Corruption 1 | . 1 1 Corruption Purged . | . . . Corruption Blocked . | . . . Effects 55 | . 16 39 Message Errors 12 | . 5 7 Matter Fused 15 | . 3 12 Heat Flow Errors 6 | . 3 3 Energy Discharges 6 | . 1 5 Data Loss (minor) 6 | . 2 4 Data Loss (major) 4 | . 1 3 Misfires 2 | . 1 1 Alerts 3 | . . 3 Weapon Failures 1 | . . 1 Overload Shots . | . . . Overflow Damage 46 | . 18 28 Projectiles 18 | . 18 . Explosions 28 | . . 28 Melee . | . . . Knockbacks . | . . . Impact . | . . . Kinetic . | . . . Secondary . | . . . Self-Inflicted Damage 29 | . . 29 Shots 1 | . . 1 Rammed . | . . . Targets Rammed . | . . . Kicked . | . . . Crushed . | . . . Highest Temperature 288 | 60 288 259 Average Temperature 55 | 28 58 44 Received Heat Transfer 300 | . 72 228 Siege Activations . | . . . Martial Activations . | . . . Shielding Activations . | . . . Robots Disrupted . | . . . Combat Hostiles . | . . . Robots Corrupted . | . . . Combat Hostiles . | . . . Parts Fried . | . . . Impact Corruptions . | . . . Robots Melted . | . . . Combat Hostiles . | . . . Parts Melted 1 | . . 1 Heat Transferred 1416 | 259 402 755 Parts Sabotaged . | . . . Parts Stolen . | . . . Parts Stripped . | . . . Power Chain Reactions 1 | . 1 . Alert | -11 -10 -10 ------- Run | Yrd Mat Sub Maximum Alert Level . | . . . Low Security (%) 100 | 100 100 . Level 1 . | . . . Level 2 . | . . . Level 3 . | . . . Level 4 . | . . . Level 5 . | . . . High Security . | . . . Max Security . | . . . Peak Influence 96 | 10 96 . Initial . | . . . Average 25 | 1 26 . Influence Increases 462 | 15 352 95 Destroy 0b10 Robot/C 200 | . 120 80 Destroy 0b10 Robot/NC 55 | 15 40 . Destroy Leader 30 | . 30 . Successful Hack 27 | . 27 . Disable Machine 15 | . 15 . Destroy Structure 60 | . 60 . Lose Combat Pursuer 75 | . 60 15 Influence Decreases 367 | 15 327 25 Entered New Map 13 | . . 13 Time Decay 354 | 15 327 12 Squads Dispatched 3 | . 3 . Investigation 1 | . 1 . Extermination . | . . . Reinforcement 2 | . 2 . Assault . | . . . Garrison . | . . . Intercept . | . . . Searches Triggered . | . . . Construction Impeded . | . . . Haulers Reinforced . | . . . Active Scanning Responses . | . . . Cargo Convoy Interrupts . | . . . Stealth | -11 -10 -10 --------- Run | Yrd Mat Sub Distress Signals 1 | . 1 . Communications Jammed . | . . . Distress Signals . | . . . Times Spotted 39 | . 17 22 Peak Tracking Total 6 | . 3 6 Tactical Retreats 4 | . 3 1 Traps | -11 -10 -10 ------- Run | Yrd Mat Sub Traps Triggered 2 | . 2 . Indirectly . | . . . Trap Hack Attempts . | . . . Triggered . | . . . Disarmed . | . . . Reprogrammed . | . . . Reused . | . . . Traps Extracted . | . . . Installed . | . . . Triggered . | . . . Machines | -11 -10 -10 ---------- Run | Yrd Mat Sub Machines Disabled 3 | . 1 2 Max in Single Turn 1 | . 1 1 Machines Repaired . | . . . Machines Dismantled . | . . . Machines Sabotaged . | . . . Overloaded Fab Kills . | . . . Hacking | -11 -10 -10 --------- Run | Yrd Mat Sub Machines Accessed 8 | . 7 1 Terminals 5 | . 5 . Fabricators . | . . . Repair Stations . | . . . Recycling Units 2 | . 2 . Scanalyzers . | . . . Garrison Access . | . . . Total Hacks 27 | . 26 1 Successful 7 | . 6 1 Failed 20 | . 20 . Catastrophic 2 | . 2 . Database Lockouts . | . . . Manual 18 | . 18 . Terminals 19 | . 19 . Fabricators . | . . . Repair Stations . | . . . Recycling Units 7 | . 7 . Scanalyzers . | . . . Garrison Access . | . . . Terminal Hacks 5 | . 4 1 Robot Analysis 2 | . 2 . Prototype ID Bank 1 | . 1 . Hauler Manifests 1 | . 1 . Proto ID Catalog 1 | . . 1 Fabricator Hacks . | . . . Repair Station Hacks . | . . . Recycling Unit Hacks . | . . . Scanalyzer . | . . . Garrison Access Hacks . | . . . Unauthorized Hacks 2 | . 2 . Terminals 1 | . 1 . Botnet 1 | . 1 . Fabricators . | . . . Repair Stations . | . . . Recycling Units 1 | . 1 . Mask 1 | . 1 . Scanalyzers . | . . . Garrison Access . | . . . Data Cores Recovered . | . . . Used . | . . . Hacking Detections 7 | . 7 . Full Trace Events . | . . . Feedback Events . | . . . Feedback Blocked . | . . . Robot Schematics Acquired . | . . . Robots Built . | . . . Authchips . | . . . Time . | . . . Total Robot Build Rating . | . . . Part Schematics Acquired . | . . . Parts Built . | . . . Authchips . | . . . Time . | . . . Total Part Build Rating . | . . . Parts Repaired . | . . . Time . | . . . Parts Recycled . | . . . Recycled Matter . | . . . Retrieved Matter . | . . . Retrieved Components . | . . . Parts Scanalyzed . | . . . Part Schematics Acquired . | . . . Parts Damaged . | . . . Bothacking | -11 -10 -10 ------------ Run | Yrd Mat Sub Used RIF Installer . | . . . Robots Hacked . | . . . Non-combat . | . . . Combat . | . . . Robot Hacks Applied . | . . . Relay Couplers Released . | . . . Fabnet Peak Effective % . | . . . Robots Rewired . | . . . Allies Hacked . | . . . Hacks Repelled . | . . . Allies | -11 -10 -10 -------- Run | Yrd Mat Sub Total Allies . | . . . Largest Group . | . . . Highest-Rated Group . | . . . Highest-Rated Ally . | . . . Total Orders . | . . . Ally Attacks . | . . . Total Damage . | . . . Kills . | . . . Allies Corrupted . | . . . Allies Melted . | . . . Intel | -11 -10 -10 ------- Run | Yrd Mat Sub Active Infowar (turns) 4944 | 13 1978 2953 Terrain 70 | . 70 . Seismic 4874 | 13 1908 2953 Robot Analysis Total 2 | . 2 . Derelict Logs Recovered 1 | . . 1 Drone Launches . | . . . Drone Recoveries . | . . . Exploration | -11 -10 -10 ------------- Run | Yrd Mat Sub Turns Passed 6776 | 81 2152 4543 Spaces Moved 2174 | 27 875 1272 Core . | . . . Treads 1617 | . 349 1268 Legs 67 | 27 40 . Wheels 490 | . 486 4 Hover . | . . . Flight . | . . . Fastest Speed 120 | 120 120 175 Average Speed 265 | 120 192 319 Slowest Speed 320 | 120 320 320 Overloaded Moves . | . . . Propulsion Burnouts . | . . . Robots Hopped . | . . . Potential Cave-ins . | . . . Cave-ins Triggered . | . . . Exploration Rate (%) 56 | 4 91 75 Regions Visited 2 Branch Regions 1 Pre-discovered Areas 1 | . . 1 Known Exits Taken . | . . . Unknown Exits Taken 2 | 1 1 . Scrap Searched 7 | . . 7 Spaces Dug 18 | . 18 . Terrain Destroyed 99 | . 56 43 Melee . | . . . Projectile 34 | . 31 3 AOE 65 | . 25 40 Terrain Rammed . | . . . Walls Destroyed . | . . . Machines Disabled . | . . . Actions | -11 -10 -10 --------- Run | Yrd Mat Sub Total 2796 | 62 1128 1606 Wait 271 | 26 82 163 Move 2172 | 26 874 1272 Hop . | . . . Pick Up 56 | 2 28 26 Fast Attach 3 | 1 . 2 Attach 2 | . . 2 Detach . | . . . Swap 77 | . 31 46 Drop 39 | . 12 27 Fire 175 | 7 101 67 Melee 1 | . . 1 Ram . | . . . Kick . | . . . Crush . | . . . Escape Stasis . | . . . Rewire . | . . . Trap . | . . . Miscellaneous . | . . . Route ------- -11/Scrapyard -10/Materials (discovered 5 exits: [*Mat x3] / [*Min] / *Sub) -10/Subcaves (discovered 1 exit: [*Mat]) History --------- Turn | Location | Event 13 | -11/Scrapyard | Discovered new exit (range 3) 82 | -11/Scrapyard | Entered Materials 317 | -10/Materials | Build established: Mutant 565 | -10/Materials | Discovered new exit (range 7) 627 | -10/Materials | Discovered new exit (range 10) 1315 | -10/Materials | Discovered new exit (range 7) 1497 | -10/Materials | Discovered new exit (range 12) 1724 | -10/Materials | Discovered new exit (range 8) 2234 | -10/Materials | Entered Subcaves 2284 | -10/Subcaves | Disturbed a concealed Subdweller 3560 | -10/Subcaves | A swath of the cavern ceiling suddenly collapsed 4799 | -10/Subcaves | Discovered new exit (range 6) 4846 | -10/Subcaves | Core integrity fell below 50% 5287 | -10/Subcaves | Learned location of Storage (-9) 5392 | -10/Subcaves | Visited 4L-MR0's lab 5431 | -10/Subcaves | Found Gun Armor 6005 | -10/Subcaves | Shifting Twisted Machinery released Sub. Beam Cannon 6045 | -10/Subcaves | Shifting Twisted Machinery released Battle Cannon 6229 | -10/Subcaves | Ambushed by Subdweller buried in earth 6274 | -10/Subcaves | Shifting Twisted Machinery released Shrapnel Trap 6382 | -10/Subcaves | Shifting Twisted Machinery released Sub. Monowheel 6426 | -10/Subcaves | Core integrity fell below 20% 6540 | -10/Subcaves | Shifting Twisted Machinery released Battle Cannon 6777 | -10/Subcaves | Destroyed by Autobeam Turret with Autobeam Last Messages --------------- 06438_ Switching to secondary target: V4-QTU(R). 06440_ System corrupted: Component data lost. 06444_ System corrupted: Spread Laser failed to cycle. 06444_ V4-QTU(R) destroyed. 06447_ Acquired 11 matter. 06450_ Acquired 36 matter. 06526_ System corrupted: Matter fused (-6). 06528_ Subatomizers dissect the Sub. Machine Gun. Battle Cannon falls loose from the Twisted Machinery. 06560_ KWB#%PROZOJSZF#YX/ZS 06584_ System corrupted: Substantial component data lost. 06699_ System corrupted: Matter fused (-8). 06740_ System corrupted: IFF burst signal emitted. 06765_ Slug penetrates Wall. 06773_ S-10 Pest destroyed. 06773_ Destroyed Flight Unit. 06773_ S-10 Pest destroyed. 06775_ Critical hit (Destroy). 06775_ S-10 Pest destroyed. 06775_ Machine disabled. Map ----- +----------------------------------------------------+ | ##????##" #??????????????????????????????? | | ##???# " #??????????????????????????????? | | #??# ]" ### ##?????????????????????????????? | | ##?#""""#?# #?????????????????????????????? | | "###" "" ?## #?????????????????????????????? | | ""###""" ??# ##?????????????????????????????? | | """##" ""#?# ##??####???????????????????????? | | &""##?? ##?# "#### ##??????????????????????? | | "##???""""??#" ## ##?????????????????????? | | ######????#"""### #?????????????????????? | | ??????####"""""" #??????????????????????? | | ?????## "##""""" = ##??????????????????????? | | ###### "##"""# #???"" "????????????????? | | # " #! # ""## ### ##??? "%" ??????????????? | | = # ##?###??? t t "#????????????? | | "# ** & #???????? #????????????? | | ##### " #! &[[ ######??? ?????????????? | | ????# """ ####&& ##? ??????????????? | | #???##"" "##??#=[ #? * #???????????????? | | ##???######??## ####? [% #???????????????? | | "#??? #?????## #####*[ #???????????????? | | ## #??#### ## ????????????????? | | #?## ??????????????????? | | #?# #???????????????????? | | ### #???????????????????? | | " @ #?????????????????### | | # "" ## ####????????????????## | | ### ##" ### #?###?????????????# | | #??# ##?# #?# ### ## ##????????????# | | #???####??# #?#####?## #????????????# | | #?????????## #????????## ##????????????# | | #??????????####?????????## ####?????????????# | | #???????????????????????#####????????????????# ## | | #????????????????????????????????????????????# #? | | ##????????????????????????????????????????????###? | | ?????????????????????????????????????????????????? | | ?????????????????????????????????????????????????? | | #???????????????????????????????????????????????#? | | ##??????????????????????????????????????????? ??# | | ##?????????????????????????????????????????? ## | | #????????????????????????????????????????? | | #??????????????????????????????????##????? | | #?????????????????????????????????? ##???? | | #?????????????????????????????????? #??????# | | ###????????????????????????????????? ????????# | | ???????????????????????????????????? ???#????### | | ??????????????????????????????????## ?? ??#### #? | | ????????????????????????????##???# ?? #??# ## | | ????????????????????????????# #??# ?## #??# | | ????????????????????????????# ### ## ##???# | +----------------------------------------------------+ Best States ------------- Heat Dissipation 25 Energy Generation 10 Energy Capacity 250 Matter Stores 300 Matter Capacity 300 Sight Range 16 Terrain Scan Range 16 Terrain Scan Density 10 Armor Coverage 225 Evasion (%) 55 Recoil Reduction 2 Item Schematics ----------------- None Robot Schematics ------------------ None Fabricated ------------ Nothing Repaired ---------- Nothing Alien Tech Used ----------------- None Achievements -------------- None Challenges ------------ None Game ------ Seed MasterThermalFlakker Manual? 0 Play Time 00:40:13 Cumulative 239.3 hours Start 2025.06.11 @ 19:26:29 End 2025.06.11 @ 20:17:05 Sessions 3 Manual Loads 0 Difficulty Rogue Special Mode None Game No. 37 Rogue 30 Adventurer 4 Explorer 3 Win Type - Total 23 Types 10/5/2/1/1/0/1/2/0/1 Lore% 68 Gallery% 83 Achievement% 74 Wizard Run 0 Options --------- Layout 0 ASCII 0 Keyboard 0 Movement Mouse Keybinds 0 Fullscreen 1 Font 18/TerminusBold Map View 76x50 Zoom Use 0% Tactical HUD 1 Map Filters NONE Filters NONE Steam X RUN: 421a57be-1109-4b22-8267-22859a560652